 Dungeon Crawl Stone Soup version 0.26-a0-597-gb535b0901c (webtiles) character file.

Game seed: 17238870597717258415

166817 Lugonue the Peltast (level 17, -1/122 HPs)
             Began as a Demonspawn Venom Mage on Sept 2, 2020.
             Was an Elder of Sif Muna.
             Slain by an ice dragon (2 damage)
             ... on level 4 of the Swamp on Sept 4, 2020.
             The game lasted 02:04:37 (27897 turns).

Lugonue the Peltast (Demonspawn Venom Mage)        Turns: 27897, Time: 02:04:38

Health: -1/122     AC: 18    Str: 12    XL:     17   Next: 30%
Magic:  0/33       EV: 13    Int: 21    God:    Sif Muna [****..]
Gold:   1589       SH: 20    Dex: 15    Spells: 10/40 levels left

rFire    + + .     SeeInvis +   s - +6 trident of Beogh's Inspiration {vorpal, rElec Int+2}
rCold    + . .     Faith    .   l - +2 kite shield {AC+3}
rNeg     . . .     Spirit   +   z - +0 swamp dragon scales
rPois    +         Reflect  +   (helmet unavailable)
rElec    +         Harm     .   K - +1 cloak {Stlth+}
rCorr    +                      B - +0 pair of gloves
MR       +....                  F - +0 pair of boots
Stlth    ++........             d - amulet of reflection
HPRegen  0.30/turn              g - +4 ring of protection
MPRegen  0.46/turn              v - ring of wizardry

@: brilliant, resistant, very slightly contaminated, hasted, invisible, quick
A: antennae 3, repulsion field 1, fire resistance 1, magic shield, magic
regeneration, magic link, rot immunity
a: Channel Magic, Forget Spell, Divine Exegesis, Renounce Religion


You were on level 4 of the Swamp.
You worshipped Sif Muna.
Sif Muna was greatly pleased with you.
You visited 6 branches of the dungeon, and saw 28 of its levels.

You collected 2459 gold pieces.
You spent 870 gold pieces at shops.

Inventory:

Hand Weapons
 s - the +6 trident of Beogh's Inspiration (weapon) {vorpal, rElec Int+2}
   (You found it on level 6 of the Dungeon)

   It inflicts extra damage upon your enemies.
   It affects your intelligence (+2).
   It insulates you from electricity.
Armour
 l - a +2 kite shield of protection (worn)
 z - +0 swamp dragon scales (worn)
 B - a +0 pair of gloves (worn)
 D - a +4 troll leather armour
 F - a +0 pair of boots (worn)
 K - a +1 cloak of stealth (worn)
Magical Staves
 m - an uncursed staff of conjuration
 A - an uncursed staff of air
 C - an uncursed staff of fire
 H - an uncursed staff of cold
 S - an uncursed staff of death
Jewellery
 d - an amulet of reflection (around neck)
 g - a +4 ring of protection (left hand)
 v - a ring of wizardry (right hand)
 G - an uncursed ring of magical power
 Q - an uncursed ring of stealth
 R - an uncursed amulet of magic regeneration
Wands
 o - a wand of disintegration (16)
 p - a wand of iceblast (52)
 r - a wand of flame (49)
 x - a wand of acid (22)
 J - a wand of paralysis (3)
 N - a wand of digging (2)
 O - a wand of polymorph (20)
Scrolls
 a - 13 scrolls of remove curse
 u - 6 scrolls of enchant weapon
 y - 11 scrolls of identify
 L - 2 scrolls of magic mapping
 P - 5 scrolls of amnesia
Potions
 i - a potion of haste
 j - 5 potions of lignification
 q - 6 potions of mutation
 t - 6 potions of stabbing
 I - 2 potions of brilliance
Miscellaneous
 f - a condenser vane (inert)
 w - a phantom mirror (inert)


   Skills:
 + Level 7.9 Fighting
 - Level 14.0 Polearms
 - Level 1.2 Throwing
 + Level 1.9 Armour
 - Level 2.9 Dodging
 + Level 6.9 Stealth
 - Level 15.0 Shields
 - Level 0.8 Unarmed Combat
 + Level 12.4 Spellcasting
 + Level 0.1 Conjurations
 + Level 6.3 Necromancy
 - Level 1.8 Transmutations
 - Level 2.3 Air Magic
 + Level 2.5 Earth Magic
 - Level 5.7 Poison Magic
 + Level 4.2 Invocations
 + Level 4.3 Evocations


You had 10 spell levels left.
You knew the following spells:

 Your Spells              Type           Power        Failure   Level
b - Poisonous Vapours     Pois/Air       #####.       1%          2
c - Ignite Poison         Fire/Tmut/Pois #####...     4%          3
d - Airstrike             Air            ####......   17%         4
e - Olgreb's Toxic Radia  Pois           ######..     4%          4
f - Mephitic Cloud        Conj/Pois/Air  #####...     4%          3
g - Petrify               Tmut/Erth      ####....     17%         4
h - Borgnjor's Vile Clut  Necr/Erth      #####.....   21%         5
i - Irradiate             Conj/Tmut      ####......   58%         5

Your spell library contained the following spells:

 Spells                   Type           Power        Failure   Level
 Animate Skeleton         Necr           ######       1%          1
 Sandblast                Erth           #####.       1%          1
 Sting                    Tmut/Pois      ####         1%          1
 Corpse Rot               Necr/Air       N/A          1%          2
 Shock                    Conj/Air       ####         2%          1
 Passwall                 Tmut/Erth      ####....     2%          2
 Swiftness                Air            ####....     2%          2
 Apportation              Tloc           ###...       4%          1
 Corona                   Hex            ###....      4%          1
 Freeze                   Ice            ###.         4%          1
 Summon Small Mammal      Summ           ###.         4%          1
 Call Imp                 Summ           ###.....     7%          2
 Ensorcelled Hibernation  Hex/Ice        ###...       7%          2
 Slow                     Hex            ###.....     7%          2
 Stone Arrow              Conj/Erth      ####..       8%          3
 Static Discharge         Conj/Air       ####....     9%          3
 Call Canine Familiar     Summ           ###.....     13%         3
 Confusing Touch          Hex            ###.....     13%         3
 Conjure Flame            Conj/Fire      ###.....     13%         3
 Dazzling Flash           Conj/Hex       ###...       13%         3
 Gell's Gravitas          Tloc           ###.......   13%         3
 Portal Projectile        Hex/Tloc       ###...       13%         3
 Summon Guardian Golem    Hex/Summ       ###.....     13%         3
 Tukima's Dance           Hex            ###.....     13%         3
 Summon Lightning Spire   Summ/Air       ####....     26%         4
 Cause Fear               Hex            ###.......   38%         4
 Sticky Flame             Conj/Fire      ###.....     38%         4
 Summon Ice Beast         Ice/Summ       ###.....     38%         4
 Lee's Rapid Deconstruct  Erth           #####.....   38%         5
 Lightning Bolt           Conj/Air       ####......   56%         5
 Silence                  Hex/Air        ####......   56%         5
 Bolt of Magma            Conj/Fire/Erth ####......   61%         5
 Yara's Violent Unravell  Hex/Tmut       ####......   61%         5
 Fireball                 Conj/Fire      ###.......   71%         5
 Iskenderun's Battlesphe  Conj           ###.....     71%         5
 Metabolic Englaciation   Hex/Ice        ###.......   73%         5
 Summon Forest            Summ/Tloc      ###.......   73%         5
 Summon Mana Viper        Hex/Summ       ###.....     73%         5
 Statue Form              Tmut/Erth      ####.....    93%         6
 Conjure Ball Lightning   Conj/Air       ####......   98%         6
 Freezing Cloud           Conj/Ice/Air   ###.......   99%         6
 Shadow Creatures         Summ           N/A          99%         6
 Starburst                Conj/Fire      ###.......   99%         6
 Haunt                    Necr/Summ      #####.....   100%        7
 Monstrous Menagerie      Summ           ###.......   100%        7
 Discord                  Hex            ###.......   100%        8
 Ignition                 Fire           ###.......   100%        8
 Lehudib's Crystal Spear  Conj/Erth      ####......   100%        8
 Summon Horrible Things   Summ           ###.......   100%        8
 Absolute Zero            Ice            ###.......   100%        9


Dungeon Overview and Level Annotations

Branches:
Dungeon (15/15)            Temple (0/1) D:6            Lair (6/6) D:10
  Swamp (4/4) Lair:4        Snake (1/4) Lair:4        Slime (0/5) Lair:6
    Orc (2/2) D:12            Elf (1/3) Orc:2        Vaults (0/5) D:13
 Depths (0/5) D:15

Altars:
Ashenzari
Okawaru
Sif Muna
Wu Jian
Yredelemnul
Beogh

Shops:
D:11 *   D:12 *   D:13 }   D:14 }   Orc:2 }::[

Portals:
Trove: D:15 (give 4 scrolls of fear)
Ossuary: D:4

Annotations:
D:3 3 runed translucent doors, Lanoc's ghost, weakling MfDe
D:12 2 transporters, Xeojat's ghost, journeyman MiFi
D:13 1 runed translucent door, eolgani's ghost, journeyman MfGl
Lair:3 exclusion: oklob plant
Lair:6 exclusion: 3 oklob plants
Swamp:2 Aizul


Innate Abilities, Weirdness & Mutations

You have a pair of large antennae on your head. (SInv)
You are surrounded by a mild repulsion field. (EV +2)
Your flesh is heat resistant. (rF+)
When hurt, damage is shared between your health and your magic reserves.
You regenerate magic rapidly.
When low on magic, you restore magic in place of health.
You are immune to rotting.


Message History

Cast which spell? (? or * to list)
Okay, then.
Unknown command.
Okay, then.
Cast which spell? (? or * to list)
Okay, then.
Unknown command.
Cast which spell? (? or * to list)
Aiming: Borgnjor's Vile Clutch (dangerous; 21% risk of failure)
Press: ? - help, Shift-Dir - straight line, f - ice dragon
Aim: an ice dragon (noxious fumes, moderately wounded, catching its breath)
You feel a surge of power!
Zombie hands grab the ice dragon.
The zombie hands constrict the ice dragon.
The zombie hands constrict the thorn hunter.
The zombie hands release their grip on the thorn hunter.
You block the ice dragon's attack.
The ice dragon claws you but does no damage.
The ice dragon tramples you.
You die...

*****♣♣..§,♣DD§§D≈..≈
♣..≈.♣♣§§{§n.[≈.
*♣≈..§♣nf§§....≈
♣♣.♣.≈...§§≈.≈≈.
♣♣k≈≈≈.§.≈♣♣..≈≈.
♣♣≈DD≈.f≈≈≈.♣♣≈≈..
♣♣°DDn†...≈≈♣♣*♣..≈
♣°°°f♣..≈≈..♣ *♣.♣
♣♣@D°†♣≈♣.§.♣ *♣♣
♣♣♣°♣≈..♣.♣♣
♣♣♣♣§♣♣♣♣ *≈≈.♣ *♣≈♣♣
♣♣♣


You could see a thorn hunter, a shambling mangrove, an ice dragon (clutched), an
eight-headed hydra, 2 seven-headed hydras, a swamp dragon, a bog body and a
swamp drake.

Vanquished Creatures
  Nikola (Swamp:4)
  Kirke (Lair:4)
  A frost giant (D:13)
  A stone giant (Orc:1)
  2 ettins
  A yaktaur captain (D:13)
  A great orb of eyes (D:13)
  15 hydras
  A shambling mangrove (Swamp:2)
  10 alligators
  A death knight (D:10)
  2 catoblepae
  9 two-headed ogres
  2 tengu warriors
  7 centaur warriors
  An ogre mage (D:15)
  4 death yaks (Lair:6)
  6 orc high priests (Orc:2)
  A hell knight (D:15)
  Sonja (D:12)
  5 unseen horrors
  4 swamp dragons
  2 spriggan druids (Swamp:4)
  2 wizards
  A lindwurm (Lair:4)
  A deep elf mage (Orc:2)
  18 ugly things
  An orb spider (shapeshifter) (D:13)
  2 orc knights (Orc:2)
  2 manticores
  An oklob plant (Lair:6)
  3 orc sorcerers
  3 cyclopes
  4 black mambas
  Maurice (D:12)
  4 molten gargoyles (D:12)
  14 cane toads
  4 centaur skeletons
  A freezing wraith (D:15)
  7 komodo dragons
  A yaktaur (D:15)
  4 rime drakes
  A tengu conjurer (D:14)
  7 trolls
  A polar bear (Lair:3)
  12 bog bodies
  9 hornets
  8 tyrant leeches
  14 blink frogs
  27 slime creatures
  7 hippogriffs
  6 shadows
  6 spriggans
  5 wraiths
  3 wyverns
  6 hogs (Lair:4)
  20 yaks
  2 basilisks
  A fire elemental (Lair:3)
  15 vampire mosquitoes
  A warg (shapeshifter) (D:15)
  6 insubstantial wisps (Swamp:1)
  4 nagas (Lair:4)
  17 swamp worms
  6 wargs
  An acid dragon (D:14)
  10 water moccasins
  4 porcupines
  A soldier ant (D:14)
  A hornet zombie (D:7)
  2 ice beasts
  6 swamp drakes
  22 orc warriors
  6 black bears
  5 sky beasts
  2 phantoms
  8 ogres
  A necrophage (D:7)
  An eye of draining (D:14)
  13 wolves
  11 centaurs
  15 crocodiles
  20 bullfrogs
  A wyvern zombie (D:10)
  A wyvern skeleton (D:13)
  7 scorpions
  A troll zombie (D:7)
  3 killer bees (D:13)
  14 wights
  4 howler monkeys
  A lava snake (D:12)
  6 electric eels (D:9)
  3 human zombies (D:7)
  4 jellies
  A wyvern simulacrum (D:14)
  9 hounds
  39 orc priests
  2 bullfrog skeletons
  2 human skeletons (D:7)
  5 iguanas
  15 worker ants
  24 orc wizards
  A hound skeleton (D:8)
  A mummy (D:7)
  8 adders
  2 white imps
  5 ufetubi
  3 adder skeletons
  2 worms
  A dart slug (D:1)
  3 leopard geckos
  101 orcs
  3 ball pythons
  A giant cockroach (D:1)
  3 goblins
  10 hobgoblins
  6 jackals
  4 quokkas
  12 bats
  7 frilled lizards
  A jackal zombie (D:6)
  7 kobolds
  A leopard gecko skeleton (D:8)
  6 rats
796 creatures vanquished.

Vanquished Creatures (collateral kills)
  A deep elf high priest (D:13)
  2 hydras
  A slime creature (Swamp:4)
4 creatures vanquished.

Vanquished Creatures (others)
  A cane toad (Lair:6)
  A bog body (Swamp:4)
  A wyvern (Lair:4)
  A water moccasin (Lair:6)
  An orc warrior (D:15)
  A crocodile (Lair:6)
  An orc (D:9)
  18 fungi
  22 plants
47 creatures vanquished.

Grand Total: 847 creatures vanquished

Notes
Turn   | Place    | Note
-------+----------+-------------------------------------------
     0 | D:1      | Lugonue the Demonspawn Venom Mage began the quest for the
                  | Orb.
     0 | D:1      | Reached XP level 1. HP: 13/13 MP: 3/3
   371 | D:1      | Gained mutation: You have a pair of small antennae on your
                  | head. [demonic ancestry]
   371 | D:1      | Reached XP level 2. HP: 8/19 MP: 0/5
   615 | D:1      | Reached skill level 1 in Transmutations
   623 | D:1      | Learned a level 2 spell: Poisonous Vapours
  1446 | D:2      | Reached XP level 3. HP: 21/24 MP: 0/6
  1769 | D:2      | Found a shimmering blue altar of Sif Muna.
  1782 | D:2      | Became a worshipper of Sif Muna the Loreminder
  2411 | D:2      | Gained mutation: You have a pair of antennae on your head.
                  | [demonic ancestry]
  2411 | D:2      | Reached XP level 4. HP: 30/30 MP: 4/7
  2544 | D:2      | Learned a level 3 spell: Ignite Poison
  2759 | D:3      | Reached * piety under Sif Muna
  2863 | D:3      | Found a runed translucent gate.
  2863 | D:3      | Found a runed translucent gate.
  2863 | D:3      | Noticed Lanoc's ghost (weakling MfDe)
  2864 | D:3      | Found a runed translucent gate.
  2864 | D:3      | Noticed a big kobold
  2864 | D:3      | Identified the cursed +1 dagger of Vutwook {drain, rF- rN++
                  | MP+9}
  3520 | D:4      | Reached skill level 1 in Air Magic
  3520 | D:4      | Reached XP level 5. HP: 17/35 MP: 2/9
  3705 | D:4      | Reached skill level 1 in Armour
  3860 | D:4      | Reached skill level 5 in Poison Magic
  3873 | D:4      | Found a sand-covered staircase.
  3895 | D:4      | Reached skill level 1 in Throwing
  3970 | D:4      | Reached ** piety under Sif Muna
  4120 | D:4      | You fall into a shaft and drop 3 floors!
  4121 | D:7      | Noticed a phantom
  4123 | D:7      | Noticed an ogre
  4130 | D:7      | Reached XP level 6. HP: 41/41 MP: 6/10
  4221 | D:6      | Noticed a sky beast
  4229 | D:6      | Killed a sky beast
  4290 | D:6      | Found a staircase to the Ecumenical Temple.
  4723 | D:6      | Gained mutation: When hurt, damage is shared between your
                  | health and your magic reserves. [demonic ancestry]
  4723 | D:6      | Reached XP level 7. HP: 45/46 MP: 9/12
  4807 | D:6      | Learned a level 4 spell: Airstrike
  5099 | D:6      | Got a pitted trident
  5100 | D:6      | Identified the +6 trident of Beogh's Inspiration {vorpal,
                  | rElec Int+2} (You found it on level 6 of the Dungeon)
  5752 | D:6      | Reached skill level 1 in Polearms
  5921 | D:7      | Reached skill level 2 in Shields
  5921 | D:7      | Gained mutation: You regenerate magic rapidly. [demonic
                  | ancestry]
  5921 | D:7      | Reached XP level 8. HP: 53/53 MP: 14/14
  6106 | D:7      | Reached skill level 3 in Shields
  6208 | D:7      | Reached skill level 4 in Shields
  6375 | D:7      | Reached skill level 5 in Shields
  6381 | D:7      | Found a basalt altar of Yredelemnul.
  7095 | D:7      | Gained mutation: When low on magic, you restore magic in
                  | place of health. [demonic ancestry]
  7095 | D:7      | Reached XP level 9. HP: 58/58 MP: 15/15
  7186 | D:7      | Reached *** piety under Sif Muna
  7208 | D:7      | Reached skill level 6 in Shields
  7327 | D:7      | Reached skill level 5 in Polearms
  7564 | D:7      | Learned a level 4 spell: Olgreb's Toxic Radiance
  8044 | D:8      | Found an ornate altar of the Wu Jian Council.
  8604 | D:8      | Found an iron altar of Okawaru.
  8604 | D:8      | Found a shattered altar of Ashenzari.
  8902 | D:9      | Reached skill level 7 in Shields
  9022 | D:9      | Noticed a troll
  9022 | D:9      | Noticed a troll
  9034 | D:9      | Killed a troll
  9034 | D:9      | Killed a troll
  9034 | D:9      | Reached XP level 10. HP: 64/64 MP: 0/16
  9131 | D:9      | Found a basalt altar of Yredelemnul.
  9190 | D:9      | Reached **** piety under Sif Muna
  9270 | D:9      | Noticed a two-headed ogre
  9283 | D:9      | Killed a two-headed ogre
  9660 | D:10     | Entered Level 10 of the Dungeon
  9838 | D:10     | Reached skill level 8 in Shields
  9903 | D:10     | Noticed a manticore
  9908 | D:10     | Killed a manticore
  9950 | D:10     | Noticed a death knight
  9972 | D:10     | Killed a death knight
 10097 | D:10     | Killed an unseen horror
 10097 | D:10     | Reached skill level 10 in Polearms
 10097 | D:10     | Reached XP level 11. HP: 63/69 MP: 6/17
 10227 | D:10     | Found a staircase to the Lair.
 10682 | D:11     | Found Deir's Assorted Antiques.
 10705 | D:11     | Bought a scorched scale mail for 297 gold pieces
 10705 | D:11     | Bought a scroll labeled XIEJUKHLAICU for 33 gold pieces
 10715 | D:11     | Identified the cursed +0 scale mail "Mecongir" {rPois rCorr
                  | Str+4} (You bought it in a shop on level 11 of the Dungeon)
 10823 | D:11     | Reached skill level 9 in Shields
 10891 | D:11     | Noticed a two-headed ogre
 10906 | D:11     | Killed a two-headed ogre
 10911 | D:11     | Learned a level 3 spell: Mephitic Cloud
 11400 | D:12     | Killed an unseen horror
 11501 | D:12     | Noticed a two-headed ogre
 11516 | D:12     | Killed a two-headed ogre
 11516 | D:12     | Reached ***** piety under Sif Muna
 11516 | D:12     | Identified Sif Muna's Incunabulum of Summoning (Sif Muna
                  | gifted it to you on level 12 of the Dungeon)
 11516 | D:12     | Received a gift from Sif Muna
 11803 | D:12     | Reached skill level 10 in Shields
 11807 | D:12     | Noticed Maurice
 11817 | D:12     | Killed Maurice
 11841 | D:12     | Found Deblyarch's Assorted Antiques.
 11844 | D:12     | Bought a papyrus book for 360 gold pieces
 11844 | D:12     | Bought a scroll of blinking for 180 gold pieces
 12104 | D:12     | Found a staircase to the Orcish Mines.
 12263 | D:12     | Noticed Sonja
 12409 | D:12     | Noticed a two-headed ogre
 12409 | D:12     | Noticed Xeojat's ghost (journeyman MiFi)
 12411 | D:12     | Found a transporter.
 12411 | D:12     | Noticed a two-headed ogre
 12411 | D:12     | Noticed a two-headed ogre
 12412 | D:12     | Identified the +9 great mace of the Dancing Visionary
                  | {flame, rElec rC+}
 12412 | D:12     | Noticed a fire giant
 12418 | D:12     | Killed Sonja
 12418 | D:12     | Gained mutation: You are immune to rotting. [demonic
                  | ancestry]
 12418 | D:12     | Reached XP level 12. HP: 75/75 MP: 18/18
 12802 | Orc:1    | Entered Level 1 of the Orcish Mines
 12811 | Orc:1    | Noticed a stone giant
 12912 | Orc:1    | HP: 2/75 [stone giant (34)]
 12918 | Orc:1    | Killed a stone giant
 13385 | Orc:2    | Entered Level 2 of the Orcish Mines
 13385 | Orc:2    | Found Sisoa's Book Shoppe.
 13385 | Orc:2    | Noticed an orc high priest
 13393 | Orc:2    | Killed an orc high priest
 13393 | Orc:2    | Reached skill level 11 in Shields
 13472 | Orc:2    | Noticed an orc high priest
 13477 | Orc:2    | Killed an orc high priest
 13484 | Orc:2    | Found Putrius's Armour Boutique.
 13520 | Orc:2    | Noticed an orc high priest
 13560 | Orc:2    | Found a staircase to the Elven Halls.
 13591 | Orc:2    | Identified Onesk's Incunabulum of Combat Magic (Sif Muna
                  | gifted it to you on level 2 of the Orcish Mines)
 13591 | Orc:2    | Received a gift from Sif Muna
 13724 | Orc:2    | Noticed an orc high priest
 13726 | Orc:2    | Noticed an orc high priest
 13729 | Orc:2    | Killed an orc high priest
 13748 | Elf:1    | Entered Level 1 of the Elven Halls
 13920 | Orc:2    | Noticed an orc high priest
 13928 | Orc:2    | Killed an orc high priest
 14076 | Orc:2    | Killed an orc high priest
 14117 | Orc:2    | Found Viggufun's Gadget Shoppe.
 14117 | Orc:2    | Found Paen's Book Boutique.
 14171 | Orc:2    | Found a roughly hewn altar of Beogh.
 14252 | Orc:2    | Killed an orc high priest
 14252 | Orc:2    | Reached skill level 12 in Shields
 14608 | D:12     | Found a transporter.
 14722 | Lair:1   | Entered Level 1 of the Lair of Beasts
 14746 | Lair:1   | Reached XP level 13. HP: 80/80 MP: 19/19
 14945 | Lair:1   | Received a gift from Sif Muna
 16866 | Lair:3   | You fall into a shaft and drop 3 floors!
 16866 | Lair:6   | Entered Level 6 of the Lair of Beasts
 16886 | Lair:6   | Reached skill level 13 in Shields
 17153 | Lair:5   | Reached skill level 1 in Evocations
 18160 | Lair:6   | Found a staircase to the Slime Pits.
 18177 | Lair:6   | Reached skill level 14 in Shields
 18856 | Lair:6   | Gained mutation: You have a pair of large antennae on your
                  | head. (SInv) [demonic ancestry]
 18856 | Lair:6   | Reached XP level 14. HP: 86/86 MP: 15/20
 19220 | Lair:6   | Identified Pugheog's Tome of the Mountains and
                  | Weightlessness (Sif Muna gifted it to you on level 6 of the
                  | Lair of Beasts)
 19220 | Lair:6   | Received a gift from Sif Muna
 19220 | Lair:6   | Reached skill level 15 in Shields
 19422 | Lair:6   | Reached skill level 1 in Invocations
 19703 | Lair:4   | Reached skill level 5 in Spellcasting
 19750 | Lair:4   | Reached skill level 1 in Fighting
 19885 | Lair:4   | Found a staircase to the Snake Pit.
 20093 | Lair:4   | Noticed Kirke
 20113 | Lair:4   | Killed Kirke
 20163 | Lair:4   | Found a staircase to the Swamp.
 20769 | Orc:2    | Learned a level 4 spell: Petrify
 21010 | D:13     | Found a gate to the Vaults.
 21300 | D:13     | Found a runed translucent door.
 21300 | D:13     | Noticed eolgani's ghost (journeyman MfGl)
 21411 | D:13     | Found Inavur's Gadget Emporium.
 21615 | D:13     | Found a runed translucent door.
 21629 | D:13     | Noticed a frost giant
 21832 | D:13     | Killed a frost giant
 21843 | D:13     | Paralysed by a great orb of eyes for 4 turns
 22082 | D:14     | Found Acleh's Gadget Shop.
 22273 | D:14     | Reached skill level 5 in Fighting
 22326 | D:14     | Identified Zunn's Volume of Beguiling (Sif Muna gifted it
                  | to you on level 14 of the Dungeon)
 22326 | D:14     | Received a gift from Sif Muna
 22361 | D:14     | Reached XP level 15. HP: 103/103 MP: 13/27
 22769 | D:15     | Entered Level 15 of the Dungeon
 22851 | D:15     | Reached skill level 10 in Spellcasting
 22940 | D:15     | Found a staircase to the Depths.
 23053 | D:15     | Identified Sif Muna's Disquisition on the Dusty Escort (Sif
                  | Muna gifted it to you on level 15 of the Dungeon)
 23053 | D:15     | Received a gift from Sif Muna
 23061 | D:15     | Paralysed by a hornet for 3 turns
 23188 | D:15     | Found a portal to a secret trove of treasure.
 23631 | D:15     | Learned a level 5 spell: Borgnjor's Vile Clutch
 23802 | Snake:1  | Entered Level 1 of the Snake Pit
 23827 | Swamp:1  | Entered Level 1 of the Swamp
 23848 | Swamp:1  | Reached skill level 5 in Stealth
 24689 | Swamp:2  | HP: 2/108 [shambling mangrove (5)]
 24694 | Swamp:2  | HP: 3/108 [bog body/bolt of cold (9)]
 25148 | Swamp:2  | Reached skill level 1 in Earth Magic
 25343 | Swamp:2  | Noticed Aizul
 25445 | Swamp:2  | Identified Sif Muna's Incunabulum of Creation and Cold (Sif
                  | Muna gifted it to you on level 2 of the Swamp)
 25445 | Swamp:2  | Received a gift from Sif Muna
 26213 | Swamp:2  | Learned a level 5 spell: Irradiate
 26242 | Swamp:2  | Reached skill level 5 in Necromancy
 26242 | Swamp:2  | Gained mutation: You are surrounded by a mild repulsion
                  | field. (EV +2) [demonic ancestry]
 26242 | Swamp:2  | Reached XP level 16. HP: 115/115 MP: 31/31
 26379 | Swamp:3  | Gained mutation: Your flesh is heat resistant. (rF+)
                  | [demonic ancestry]
 26379 | Swamp:3  | Reached XP level 17. HP: 120/120 MP: 24/32
 27125 | Swamp:4  | Entered Level 4 of the Swamp
 27256 | Swamp:4  | HP: 3/122 [bog body/bolt of cold (16)]
 27839 | Swamp:4  | Noticed Nikola
 27885 | Swamp:4  | Killed Nikola
 27889 | Swamp:4  | HP: 5/122 [shambling mangrove (2)]
 27894 | Swamp:4  | HP: 1/122 [bog body/bolt of cold (3)]
 27897 | Swamp:4  | Slain by an ice dragon

Illustrated notes

Levels and vault maps discovered:
D:1:      grunt_arrival_lava_bath, layout_rooms
D:2:      layout_basic, nicolae_overflow_crystal_walls
D:3:      layout_basic, gammafunk_ghost_nasty_kobolds
D:4:      layout_cave_pools, enter_ossuary_2
D:6:      layout_loops_corners, minmay_temple_entry_trees,
          minmay_misc_feat_square, chequers_serial_rivers_micro_d
D:7:      kennysheep_six_static_rooms, layout_basic, grunt_decor_fettered,
          lemuel_mausoleum_altar_yredelemnul
D:8:      layout_loops_corners, marbit_many_paths,
          gammafunk_temple_overflow_elements
D:9:      layout_long_grid, overflow_temple_1_default, serial_bayou,
          serial_bayou_shore_a, serial_bayou_ford_a, serial_bayou_lake_a,
          serial_bayou_pond_b
D:10:     layout_basic, lair_entry_dummy, nrook_pool_corridor,
          chequers_serial_rivers_marsh, serial_bayou_pond_d,
          minmay_fractal_squares_gapless_7
D:11:     layout_roguey, serial_shops, shop_coins, minmay_misc_feat_more_columns
D:12:     layout_basic, david_orc_2, gammafunk_ghost_smash, serial_shops,
          nicolae_shop_behind_doors, amethyst_killhole, minivault_8, uniq_sonja,
          uniq_maurice
D:13:     layout_loops_ring, david_vaults_4, serial_shops, kennysheep_mini_moat,
          ebering_ghost_inner_flame, minivault_13
D:14:     layout_gridville, grunt_decor_mini_mirrors, serial_shops, shop
D:15:     hangedman_depths_entry_civil_slaughter, layout_rooms,
          nicolae_trove_entry_crossroad
Lair:1:   layout_loops_ring, minmay_stone_trees_small
Lair:2:   layout_misc_corridors
Lair:3:   layout_gridlike, minmay_lair_oklob_bushes
Lair:4:   layout_cellular_growth, skrybe_swamp_entry_bodies,
          minmay_snake_entry_guardpost_small, uniq_kirke
Lair:5:   layout_loops_ring
Lair:6:   evil_forest, layout_gridlike, minmay_slime_entry_oklob_open,
          nicolae_lair_grove_arrangements
Swamp:1:  layout_basic_swamp, evilmike_swamp_ruin_rubble_1
Swamp:2:  layout_basic_swamp, evilmike_swamp_ruin_house_4, swamp_pool5,
          uniq_aizul
Swamp:3:  layout_basic_swamp, nicolae_swamp_feature_on_the_river_bank,
          infiniplex_staircase_pool
Swamp:4:  swamp_alternative, layout_basic_swamp, swamp_pool1, uniq_nikola
Snake:1:  layout_cave_shapes, hangedman_snake_wide_pillar_pass,
          lemuel_fruit_tree
Orc:1:    layout_diamond_mine
Orc:2:    st_orc_town, layout_caves
Elf:1:    minmay_elf_arrival_plus, layout_loops_cross, ebering_ghost_xom,
          serial_shops, nicolae_shop_window_shopping, minmay_elf_demonology,
          hex_medium

Skill      XL: |  1  2  3  4  5  6  7  8  9 10 11 12 13 14 15 16 17 |
---------------+----------------------------------------------------+-----
Dodging        | 2 |  2.9
Transmutations | 1 |  1.8
Poison Magic   | 4 5 |  5.7
Air Magic      | 1 2 |  2.3
Armour         | 1 |  1.9
Throwing       | 1 |  1.2
Spellcasting   | 3 4 8 11 12 | 12.4
Stealth        | 2 3 6 |  6.9
Polearms       | 1 3 7 10 12 13 14 | 14.0
Shields        | 2 5 7 8 10 12 14 15 | 15.0
Evocations     | 1 4 |  4.3
Invocations    | 2 3 4 |  4.2
Fighting       | 5 7 |  7.9
Earth Magic    | 1 2 |  2.5
Necromancy     | 5 6 |  6.3
Unarmed Combat | |  0.8
Conjurations   | |  0.1

Action                   |  1- 3 |  4- 6 |  7- 9 | 10-12 | 13-15 | 16-18 || total
-------------------------+-------+-------+-------+-------+-------+-------++-------
Melee: Unarmed           |    28 |    45 |     9 |       |       |       ||    82
       Trident           |       |       |   274 |   532 |  1220 |   121 ||  2147
Throw: Dart              |    12 |     5 |       |       |       |       ||    17
 Cast: Sting             |    48 |    48 |    20 |     4 |    17 |       ||   137
       Poisonous Vapours |    13 |    27 |    30 |    46 |    22 |    10 ||   148
       Olgreb's Toxic Ra |       |       |    10 |    76 |    81 |     3 ||   170
       Ignite Poison     |       |       |     2 |    45 |    79 |    10 ||   136
       Mephitic Cloud    |       |       |       |    11 |    28 |     9 ||    48
       Airstrike         |       |       |       |       |    74 |    55 ||   129
       Petrify           |       |       |       |       |    22 |     1 ||    23
       Borgnjor's Vile C |       |       |       |       |     3 |    21 ||    24
       Irradiate         |       |       |       |       |       |     4 ||     4
Invok: Channel Magic     |       |       |       |     4 |     3 |     7 ||    14
       Forget Spell      |       |       |       |       |     1 |       ||     1
Evoke: Wand              |       |       |       |     8 |    32 |    13 ||    53
       Condenser vane    |       |       |       |       |     1 |     2 ||     3
       Phantom mirror    |       |       |       |       |       |     1 ||     1
  Use: Scroll            |     1 |     7 |     6 |    16 |    19 |     9 ||    58
       Potion            |     1 |     1 |       |     5 |    10 |    14 ||    31
 Stab: Sleeping          |       |       |     8 |     4 |    10 |       ||    22
       Paralysed         |       |       |       |    13 |     5 |       ||    18
       Distracted        |       |       |       |     1 |     2 |       ||     3
       Confused          |       |       |       |     5 |    26 |     3 ||    34
       Petrifying        |       |       |       |       |     5 |       ||     5
       Petrified         |       |       |       |       |    28 |       ||    28
Armor: Robe              |    41 |     3 |       |       |       |       ||    44
       Leather armour    |       |    50 |    64 |     1 |       |       ||   115
       Troll leather arm |       |       |       |    64 |   197 |    24 ||   285
       Swamp dragon scal |       |       |       |       |       |    40 ||    40
Dodge: Dodged            |    81 |    68 |    92 |    83 |   207 |    77 ||   608
Block: Other             |    31 |    20 |     8 |       |       |       ||    59
       Reflection        |     1 |       |     8 |    14 |    43 |     4 ||    70
       Kite shield       |       |       |   152 |   275 |   709 |   157 ||  1293

Table legend: (Time is in decaauts)
 A = Elapsed time spent in this place.
 B = Non-inter-level travel time spent in this place.
 C = Inter-level travel time spent in this place.
 D = Time resting spent in this place.
 E = Time spent auto-exploring this place.
 F = Levels seen in this place.
 G = Mean time per level.
                   A        B        C        D        E       F      G
               +--------+--------+--------+--------+--------+-----+--------+
         Total |  27570 |  26292 |   1278 |   2218 |  17443 |  28 |  984.6 |
       Dungeon |  15930 |  15153 |    777 |    707 |  10606 |  14 | 1137.9 |
          Lair |   5837 |   5529 |    308 |    504 |   3841 |   6 |  972.8 |
         Swamp |   4106 |   4016 |     90 |    925 |   2090 |   4 | 1026.5 |
     Snake Pit |      1 |      1 |      0 |      0 |      0 |   1 |    1.0 |
  Orcish Mines |   1690 |   1588 |    102 |     79 |    906 |   2 |  845.0 |
   Elven Halls |      4 |      4 |      0 |      2 |      0 |   1 |    4.0 |
               +--------+--------+--------+--------+--------+-----+--------+

Top non-repeatable levels by time:
     D:6: 1947 daAuts
     D:7: 1851 daAuts
  Lair:6: 1805 daAuts
 Swamp:2: 1562 daAuts
    D:12: 1419 daAuts
     D:2: 1391 daAuts
     D:1: 1184 daAuts
   Orc:2: 1161 daAuts
    D:13: 1092 daAuts
    D:10: 1064 daAuts
    D:11: 1008 daAuts
  Lair:1: 1008 daAuts
     D:9: 961 daAuts
 Swamp:3: 958 daAuts
     D:3: 947 daAuts
